 Dungeon Crawl Stone Soup version 0.31-a0-876-gfe8ebad (webtiles) character file.

Game seed: 3173063412166299109

56 Speno2 the Ducker (level 3, -28/26 HPs)
             Began as an Octopode Monk on Oct 13, 2023.
             Annihilated by an ogre
             ... wielding a +0 giant club
              (30 damage)
             ... on level 2 of the Dungeon.
             The game lasted 00:06:37 (664 turns).

Speno2 the Ducker (Octopode Monk)                    Turns: 664, Time: 00:06:37

Health: -28/26     AC:  1    Str: 10    XL:     3   Next: 97%
Magic:  3/3        EV: 11    Int: 12    God:
Gold:   75         SH:  0    Dex: 16    Spells: 2/2 levels left

rFire   . . .        a - +0 falchion
rCold   . . .        c - orb {light}
rNeg    . . .        (helmet restricted)
rPois   .            (no amulet)
rElec   .            (no ring)
rCorr   .            (no ring)
SInv    .            (no ring)
Will    .....        (no ring)
Stlth   +            (no ring)
HPRegen 0.24/turn    (no ring)
MPRegen 0.08/turn    (no ring)
                     (no ring)

%: no passive effects
@: glowing, constricted
A: almost no armour, amphibious, 8 rings, camouflage 1, gelatinous body 1,
(nimble swimmer 1), tentacles
a: no special abilities


You were on level 2 of the Dungeon.
You visited 1 branch of the dungeon, and saw 3 of its levels.

You collected 75 gold pieces.

Inventory:

Hand Weapons
 a - a +0 falchion (weapon)
Missiles
 j - 2 datura-tipped darts
Armour
 c - an orb of light (worn)
Talismans
 f - a storm talisman
Scrolls
 h - a scroll of identify {unknown}
Potions
 b - a potion of ambrosia
 d - a potion of might {unknown}
 e - 3 potions of heal wounds {unknown}
 g - a potion of brilliance {unknown}
 k - 2 potions of curing {unknown}


   Skills:
 + Level 3.3 Fighting
 + Level 3.5 Long Blades
 * Level 4.0 Dodging
 + Level 0.3 Stealth


You had 2 spell levels left.
You didn't know any spells.
Your spell library was empty.

Dungeon Overview and Level Annotations

Branches:
Dungeon (3/15)

Altars:

Shops:
D:1 (

Annotations:
D:2 Sigmund


Innate Abilities, Weirdness & Mutations

You cannot wear most types of armour.
You are amphibious.
You can wear up to eight rings at the same time.
Your skin changes colour to match your surroundings (Stealth+).
Your rubbery body absorbs attacks. (AC +1, EV +1)
((You are camouflaged when in or above water. (Stealth+)))
You have tentacles for arms and can constrict up to eight enemies at once.


Message History

The jackal barks! x2
The jackal misses you. The jackal bites you. The ball python bites you.
The ball python grabs you.
You stop ascending the stairs.
The ball python constricts you. The endoplasm closely misses you.
Unknown command.
You escape the ball python's grasp.
The jackal bites you. x2
The jackal completely misses you. The jackal misses you.
The jackal barely misses you. The endoplasm hits you.
The ball python bites you. The ball python grabs you.
You stop ascending the stairs.
The ball python constricts you.
Unknown command.
You escape the ball python's grasp.
The jackal misses you. The jackal bites you. The ogre misses you.
The endoplasm closely misses you.
You climb upwards.
Level annotation: Sigmund
Found a scroll labelled CEIQOS UGISU.
There is a stone staircase leading down here.
Unknown command.
The air fills with toxic fumes!
As you read the scroll labelled RUDEKA FAFOAGO IGH, it crumbles to dust.
It was a scroll of poison.
The jackal bites you. x2
* * * LOW HITPOINT WARNING * * *
The ball python bites you.
* * * LOW HITPOINT WARNING * * *
The ball python barely misses you. The endoplasm hits you.
* * * LOW HITPOINT WARNING * * *
The jackal bites you.
* * * LOW HITPOINT WARNING * * *
The ball python barely misses you. The ball python grabs you.
The ball python constricts you.
* * * LOW HITPOINT WARNING * * *
The jackal bites you.
* * * LOW HITPOINT WARNING * * *
Unknown command.
As you read the scroll labelled UFEJAQ HIETHA, it crumbles to dust.
It is a scroll of amnesia.
You feel forgetful for a moment.
The ogre hits you with a +0 giant club!!
Ouch! That really hurt!
You die...

§ #§# §§§§
#§§####
§§#§§§Jh#
§§§§§§S@#
§§§§§§Oh#
§§§§§§§h§
§§§§§§§##§
§§§§§§. §§
§§§§§§§ §§
§§§§§§§
§§#
#####§§ §#


You could see an ogre, an endoplasm, 3 jackals and a ball python.

Vanquished Creatures
  A howler monkey (D:3)
  A worm (D:3)
  2 endoplasms
  A giant cockroach (D:1)
  2 hobgoblins (D:1)
  A quokka (D:1)
  A ball python (D:1)
  3 bats
  2 frilled lizards (D:1)
  4 goblins (D:1)
  2 rats (D:1)
20 creatures vanquished.

Notes
Turn   | Place    | Note
-------+----------+-------------------------------------------
     0 | D:1      | Speno2 the Octopode Monk began the quest for the Orb.
     0 | D:1      | Reached XP level 1. HP: 16/16 MP: 1/1
   109 | D:1      | Reached XP level 2. HP: 18/21 MP: 2/2
   193 | D:1      | Found Naatutu's Antique Weapon Shop.
   516 | D:2      | Noticed Sigmund
   579 | D:3      | Noticed a howler monkey
   584 | D:3      | Killed a howler monkey
   585 | D:3      | Reached skill level 4 in Dodging
   585 | D:3      | Reached XP level 3. HP: 20/26 MP: 3/3
   630 | D:3      | Noticed an ogre
   651 | D:3      | Found a faded altar of an unknown god.
   663 | D:2      | HP: 1/26 [jackal (2)]
   664 | D:2      | Annihilated by an ogre

Illustrated notes

Levels and vault maps discovered:
D:1:      heliophobic_arrival_glass_houses, layout_rooms, serial_shops, shop
D:2:      layout_loops_cross, uniq_natasha, uniq_sigmund,
          uniq_crazy_yiuf_cottage
D:3:      layout_rooms, ebering_ecumenical_altar_sacrificial,
          hangedman_abyss_or_decor_stabs, uniq_terence

Skill      XL: |  1  2 |
---------------+-------+-----
Dodging        | 4 |  4.0
Fighting       | |  3.3
Long Blades    | |  3.5
Stealth        | |  0.3

Action                     || total
---------------------------++-------
  Melee: Falchion          ||    33
         Constrict         ||     9
         Tentacles         ||     6
         Punch             ||     1
    Use: Scroll            ||     2
 Armour: Skin              ||    30
  Dodge: Dodged            ||    43

Table legend: (Time is in decaauts)
 A = Elapsed time spent in this place.
 B = Non-inter-level travel time spent in this place.
 C = Inter-level travel time spent in this place.
 D = Time resting spent in this place.
 E = Time spent auto-exploring this place.
 F = Levels seen in this place.
 G = Mean time per level.
                   A        B        C        D        E       F      G
               +--------+--------+--------+--------+--------+-----+--------+
         Total |    667 |    645 |     22 |      0 |    309 |   3 |  222.3 |
       Dungeon |    667 |    645 |     22 |      0 |    309 |   3 |  222.3 |
               +--------+--------+--------+--------+--------+-----+--------+

Top non-repeatable levels by time:
     D:1: 483 daAuts
     D:3: 116 daAuts
     D:2: 67 daAuts
